 Dungeon Crawl Stone Soup version 0.32-a0-540-g866d13106e (webtiles) character file.

Game seed: 11078861448194329054

17940 grandjackal the Eye of the Storm (level 12, -7/103 HPs)
             Began as a Demonspawn Gladiator on Feb 29, 2024.
             Was a Priest of Qazlal.
             Mangled by a skeletal warrior
             ... wielding a +0 halberd
              (16 damage)
             ... on level 12 of the Dungeon.
             The game lasted 00:14:22 (12987 turns).

grandjackal the Eye of the Storm (DsGl)            Turns: 12987, Time: 00:14:22

Health: -7/103     AC: 12    Str: 14    XL:     12   Next: 23%
Magic:  21/21      EV: 19    Int: 12    God:    Qazlal [***...]
Gold:   789        SH:  9    Dex: 20    Spells: 11/11 levels left

rFire   . . .        I - +3 broad axe (flame)
rCold   . . .        (no shield)
rNeg    . . .        J - +0 swamp dragon scales
rPois   +            N - +2 hat {Int+3}
rElec   .            (no cloak)
rCorr   .            (no gloves)
SInv    .            r - +1 pair of boots
Will    .....        (no amulet)
Stlth   +            m - +5 ring of evasion
HPRegen 0.37/turn    (no ring)
MPRegen 0.17/turn

%: no passive effects
@: no status effects
A: horns 1, large bone plates 2, spiny 1, demonic magic 2
a: Renounce Religion, Upheaval, Elemental Force


You were on level 12 of the Dungeon.
You worshipped Qazlal.
Qazlal was most pleased with you.
You visited 2 branches of the dungeon, and saw 13 of its levels.

You collected 789 gold pieces.

Inventory:

Hand Weapons
 s - a +2 dagger of venom
 G - a +4 long sword
 I - a +3 broad axe of flaming (weapon)
Missiles
 e - a javelin
Armour
 c - a +1 plate armour of cold resistance
 q - a +2 ring mail of fire resistance
 r - a +1 pair of boots (worn)
 J - +0 swamp dragon scales (worn)
 N - a +2 hat of intelligence (worn)
 T - a +0 buckler
Magical Staves
 b - the staff of the Land of Plenty {rElec rF+ rC- MP+9 Fire}
   (You found it on level 4 of the Dungeon)

   [staff of fire]

   Base accuracy: +5 Base damage: 5 Base attack delay: 1.2 This weapon's minimum
   attack delay (0.6) is reached at skill level 12.
   rF+:       It protects you from fire.
   rC-:       It makes you vulnerable to cold.
   rElec:     It insulates you from electricity.
   MP+9:      It affects your magic capacity (+9).
   Fire:      It increases the power of your Fire spells.
   It falls into the 'Staves' category.
   It is a one-handed weapon.
 f - a staff of earth
 j - the staff of the Sneaky Nights {Fly rF+ Summ Fire}
   (You found it on level 2 of the Dungeon)

   [staff of fire]

   Base accuracy: +5 Base damage: 5 Base attack delay: 1.2 This weapon's minimum
   attack delay (0.6) is reached at skill level 12.
   rF+:       It protects you from fire.
   Fly:       It grants you flight.
   Summ:      It increases the power of your Summonings spells.
   Fire:      It increases the power of your Fire spells.
   It falls into the 'Staves' category.
   It is a one-handed weapon.
Jewellery
 m - a +5 ring of evasion (left hand)
 L - a ring of magical power
Wands
 y - a wand of quicksilver (10)
 E - a wand of flame (15)
 M - a wand of polymorph (4)
 S - a wand of charming (7)
Scrolls
 a - a scroll of enchant armour {unknown}
 g - 11 scrolls of identify {unknown}
 l - 3 scrolls of teleportation
 n - a scroll of brand weapon {unknown}
 p - 2 scrolls of fear {unknown}
 v - 3 scrolls of immolation {unknown}
 w - a scroll of vulnerability {unknown}
 z - 2 scrolls of revelation {unknown}
 B - 4 scrolls of enchant weapon {unknown}
 D - a scroll of noise {unknown}
 F - 2 scrolls of fog {unknown}
 H - 2 scrolls of poison {unknown}
 P - a scroll of amnesia {unknown}
Potions
 h - 8 potions of curing {unknown}
 i - 3 potions of magic {unknown}
 k - a potion of resistance {unknown}
 o - 6 potions of degeneration {unknown}
 t - 4 potions of mutation {unknown}
 u - a potion of berserk rage {unknown}
 x - a potion of cancellation {unknown}
 A - a potion of might {unknown}
 C - 2 potions of heal wounds {unknown}
 K - 2 potions of ambrosia {unknown}
 O - a potion of invisibility {unknown}
 Q - a potion of attraction {unknown}
 R - a potion of enlightenment {unknown}


   Skills:
 + Level 12.5 Fighting
 - Level 4.7 Long Blades
 + Level 7.6 Axes
 - Level 2.0 Throwing
 - Level 5.2 Armour
 - Level 5.6 Dodging
 + Level 2.1 Shields
 + Level 12.9 Invocations


You had 11 spell levels left.
You didn't know any spells.
Your spell library contained the following spells:

 Spells                   Type           Power      Damage    Failure   Level
 Kiss of Death            Conj/Necr      0%         2d5       54%         1
 Jinxbite                 Hex            0%         N/A       67%         2
 Confusing Touch          Hex            0%         N/A       88%         3
 Dazzling Flash           Conj/Hex       0%         N/A       88%         3
 Stone Arrow              Conj/Erth      0%         3d7       88%         3
 Summon Ice Beast         Ice/Summ       0%         N/A       88%         3
 Volatile Blastmotes      Fire/Tloc      0%         2d10      88%         3
 Animate Armour           Summ/Erth      0%         N/A       99%         4
 Dispel Undead            Necr           0%         3d6       99%         4
 Fulminant Prism          Conj/Alch      0%         3d5       99%         4
 Iskenderun's Mystic Bla  Conj/Tloc      0%         2d3       99%         4
 Summon Mana Viper        Hex/Summ       0%         N/A       100%        5
 Yara's Violent Unravell  Hex/Alch       0%         3d3       100%        5
 Starburst                Conj/Fire      0%         6d3       100%        6
 Enfeeble                 Hex            0%         N/A       100%        7
 Monstrous Menagerie      Summ           0%         N/A       100%        7
 Lehudib's Crystal Spear  Conj/Erth      0%         10d2      100%        8
 Maxwell's Capacitive Co  Air            0%         ∞         100%        8


Dungeon Overview and Level Annotations

Branches:
Dungeon (12/15)            Temple (1/1) D:6            Lair (0/5) D:11
    Orc (0/2) D:12

Altars:
Ashenzari
Cheibriados
Dithmenos
Fedhas
Gozag
Hepliaklqana
Kikubaaqudgha
Makhleb
Nemelex Xobeh
Okawaru
Qazlal
Ru
Sif Muna
Trog
Uskayaw
Vehumet
Wu Jian
Xom
Yredelemnul
Jiyva

Annotations:
D:11 2 transporters


Innate Abilities, Weirdness & Mutations

You have a pair of small horns on your head.
You are mostly covered in large bone plates. (SH +6)
You are partially covered in sharp spines.
Spells you cast may paralyse nearby enemies.


Message History

The skeletal warrior closely misses you.
You slash the skeletal warrior! You burn the skeletal warrior.
You headbutt the skeletal warrior, but do no damage.
The skeletal warrior is lightly damaged.
The skeletal warrior completely misses you.
You barely miss the skeletal warrior.
The skeletal warrior is lightly damaged.
The skeletal warrior hits you with a +0 halberd.
The skeletal warrior hits you with a +0 halberd!!
You barely miss the skeletal warrior.
Your headbutt misses the skeletal warrior.
The skeletal warrior is lightly damaged.
The skeletal warrior is struck by your spines.
The skeletal warrior barely misses you.
You hit the skeletal warrior but do no damage.
The skeletal warrior is lightly damaged.
The skeletal warrior hits you with a +0 halberd!!
You slash the skeletal warrior! You burn the skeletal warrior.
The skeletal warrior is moderately damaged.
You hear a roar!
The skeletal warrior hits you with a +0 halberd!
* * * LOW HITPOINT WARNING * * *
You hit the skeletal warrior. You burn the skeletal warrior.
The skeletal warrior is moderately damaged.
The skeletal warrior closely misses you.
Throw: 2 throwing nets
Press: ? - help, Q - select action, (/) - cycle Shift-Dir - straight line, f - skeletal warrior
Aim: a skeletal warrior, wielding a +0 halberd (moderately damaged, 67% to hit)
You throw a throwing net.
The throwing net closely misses the skeletal warrior.
The skeletal warrior hits you with a +0 halberd!
* * * LOW HITPOINT WARNING * * *
Throw: throwing net
Press: ? - help, Q - select action, (/) - cycle Shift-Dir - straight line, f/p - skeletal warrior
Aim: a skeletal warrior, wielding a +0 halberd (moderately damaged, 67% to hit)
You throw a throwing net.
The throwing net closely misses the skeletal warrior.
You block the skeletal warrior's attack.
The skeletal warrior hits you from afar with a +0 halberd!
You die...

###################.....(..#.....
.........#...^....#........#.....
.........#........#........#.....
.........'........'........#.....
.........#........#........#.....
##########..#######........#.....
....#.......#.....z......^.#.....
....#.......#.....##########.....
....#.......#...@.#........#.....
....#.......#.....'.D......#.....
#####.......#.<...#..............
....###########'###..............
....#.......#.....#..........†...
....'.......#.....#..............
....#.......#.....#..............
#'###.......#.....#........#.....
....#.......#.....#........#.....


You could see a skeletal warrior and an acid dragon.

Vanquished Creatures
  2 hydras
  4 two-headed ogres
  2 tengu warriors (D:12)
  A boulder beetle (D:11)
  A skeletal warrior (D:12)
  A deep elf pyromancer (D:9)
  2 oklob plants (D:11)
  A manticore (D:12)
  An ugly thing (D:12)
  A gargoyle (D:11)
  Maggie (D:8)
  A komodo dragon (D:10)
  2 trolls
  A hornet (D:8)
  5 slime creatures (D:12)
  2 shadows
  A vampire (D:12)
  12 yaks
  2 wraiths
  A wyvern (D:9)
  2 steam dragons
  Menkaure (D:7)
  2 acid dragons
  2 water moccasins
  Duvessa (D:3)
  An ice beast (D:7)
  5 orc warriors
  2 sky beasts (D:7)
  3 centaurs
  3 black bears
  5 kobold brigands
  A gnoll sergeant (D:7)
  3 bullfrogs
  3 scorpions
  9 wights
  Dowan (D:3)
  3 killer bees (D:11)
  2 howler monkeys (D:9)
  2 hounds (D:6)
  3 bombardier beetles
  2 gnoll boudas
  2 jellies
  4 orc priests
  10 orc wizards
  3 sleepcaps
  7 iguanas
  14 gnolls
  14 adders
  A shadow imp (D:7)
  2 ufetubi (D:6)
  A ribbon worm (D:4)
  25 orcs
  8 ball pythons
  3 bats
  3 endoplasms
  7 giant cockroaches
  4 goblins
  4 hobgoblins
  3 jackals (D:2)
  29 kobolds
  5 quokkas
  2 frilled lizards
  7 rats
258 creatures vanquished.

Vanquished Creatures (collateral kills)
  A skeletal warrior (D:12)
1 creature vanquished.

Vanquished Creatures (others)
  A human (D:9)
  An orc wizard (D:5)
2 creatures vanquished.

Grand Total: 261 creatures vanquished

Notes
Turn   | Place    | Note
-------+----------+-------------------------------------------
     0 | D:1      | grandjackal the Demonspawn Gladiator began the quest for
                  | the Orb.
     0 | D:1      | Reached XP level 1. HP: 16/16 MP: 1/1
   120 | D:1      | Gained mutation: You are partially covered in large bone
                  | plates. (SH +4) [demonic ancestry]
   120 | D:1      | Reached XP level 2. HP: 22/22 MP: 2/2
   770 | D:2      | Identified the staff of the Sneaky Nights {Fly rF+ Summ
                  | Fire}
   851 | D:2      | Reached XP level 3. HP: 25/28 MP: 3/3
  1874 | D:3      | Reached XP level 4. HP: 35/35 MP: 4/4
  2545 | D:3      | Identified the +0 robe of Qiahejuw {Will+ Str+5}
  2746 | D:4      | Identified the staff of the Land of Plenty {rElec rF+ rC-
                  | MP+9 Fire}
  2768 | D:4      | Found a basalt altar of Yredelemnul.
  2782 | D:4      | Found a bloodstained altar of Trog.
  2789 | D:4      | Noticed Dowan
  2789 | D:4      | Noticed Duvessa
  2884 | D:3      | Killed Duvessa
  2885 | D:3      | Reached XP level 5. HP: 15/42 MP: 5/5
  3010 | D:3      | Killed Dowan
  3123 | D:3      | Gained mutation: You are partially covered in sharp spines.
                  | [demonic ancestry]
  3123 | D:3      | Reached XP level 6. HP: 44/49 MP: 6/6
  3149 | D:4      | Reached skill level 1 in Armour
  3264 | D:4      | Reached skill level 5 in Fighting
  3492 | D:4      | Gained mutation: You are mostly covered in large bone
                  | plates. (SH +6) [demonic ancestry]
  3492 | D:4      | Reached XP level 7. HP: 54/56 MP: 7/7
  3766 | D:5      | Entered Level 5 of the Dungeon
  4575 | D:5      | Gained mutation: Spells you cast may paralyse adjacent
                  | enemies. [demonic ancestry]
  4575 | D:5      | Reached XP level 8. HP: 58/65 MP: 8/8
  4821 | D:6      | Reached skill level 5 in Armour
  4862 | D:6      | Found a staircase to the Ecumenical Temple.
  4938 | Temple   | Entered the Ecumenical Temple
  4961 | Temple   | Became a worshipper of Qazlal Stormbringer
  5081 | D:6      | Reached skill level 1 in Invocations
  5256 | D:6      | Found an opulent altar of Gozag.
  5917 | D:7      | Reached XP level 9. HP: 67/74 MP: 10/12
  6013 | D:7      | Noticed Menkaure
  6034 | D:7      | Reached * piety under Qazlal
  6034 | D:7      | Killed Menkaure
  6044 | D:7      | Reached skill level 5 in Invocations
  6251 | D:7      | Reached skill level 5 in Dodging
  6619 | D:8      | Noticed Maggie
  6635 | D:8      | Killed Maggie
  6837 | D:8      | Reached skill level 1 in Axes
  6840 | D:8      | Gained mutation: You have a pair of small horns on your
                  | head. [demonic ancestry]
  6840 | D:8      | Reached XP level 10. HP: 68/83 MP: 15/15
  7220 | D:9      | Reached ** piety under Qazlal
  7597 | D:9      | Noticed a two-headed ogre
  7607 | D:9      | Killed a two-headed ogre
  7608 | D:9      | Reached skill level 10 in Fighting
  7776 | D:9      | Found an ancient bone altar of Kikubaaqudgha.
  7921 | D:9      | Noticed a deep elf pyromancer
  7936 | D:9      | Killed a deep elf pyromancer
  8268 | D:10     | Entered Level 10 of the Dungeon
  8678 | D:10     | Noticed a two-headed ogre
  8687 | D:10     | Killed a two-headed ogre
  8688 | D:10     | Reached skill level 10 in Invocations
  8872 | D:10     | Noticed a five-headed hydra
  8881 | D:10     | Killed a one-headed hydra
  8882 | D:10     | Reached skill level 5 in Axes
  8882 | D:10     | Gained mutation: Spells you cast may paralyse nearby
                  | enemies. [demonic ancestry]
  8882 | D:10     | Reached XP level 11. HP: 62/93 MP: 18/18
  9260 | D:11     | Reached *** piety under Qazlal
  9421 | D:11     | Noticed a boulder beetle
  9446 | D:11     | Killed a boulder beetle
  9696 | D:11     | Noticed a two-headed ogre
  9703 | D:11     | Killed a two-headed ogre
  9782 | D:11     | Noticed an oklob plant
  9785 | D:11     | Found a staircase to the Lair.
  9789 | D:11     | Noticed an oklob plant
  9972 | D:11     | Noticed a two-headed ogre
  9980 | D:11     | Killed a two-headed ogre
 10094 | D:11     | Found a transporter.
 10133 | D:11     | Found a viscous altar of Jiyva.
 10150 | D:11     | Found a transporter.
 10273 | D:11     | Noticed a seven-headed hydra
 10286 | D:11     | Killed a two-headed hydra
 10786 | D:11     | Killed an oklob plant
 10962 | D:11     | Killed an oklob plant
 11273 | D:12     | Found a staircase to the Orcish Mines.
 11416 | D:12     | Noticed a cyan ugly thing
 11421 | D:12     | Killed a cyan ugly thing
 11521 | D:12     | Noticed a tengu warrior
 11521 | D:12     | Noticed a tengu warrior
 11527 | D:12     | Killed a tengu warrior
 11532 | D:12     | Killed a tengu warrior
 11980 | D:12     | Reached XP level 12. HP: 102/102 MP: 21/21
 12030 | D:12     | HP: 5/103 [skeletal warrior/+0 scimitar (22)]
 12326 | D:12     | Reached skill level 1 in Shields
 12987 | D:12     | Mangled by a skeletal warrior

Illustrated notes

Levels and vault maps discovered:
D:1:      saegor_arrival_under_anarchy, layout_rooms, minmay_pentomino_q2
D:2:      layout_loops_corners
D:3:      layout_basic, serial_curves, eino_curves_02, eino_curves_01,
          gup_sewer_entry_spiral
D:4:      layout_basic, nicolae_overflow_hidden_temple, minivault_5,
          st_stairs_14, uniq_duvessa
D:5:      layout_basic
D:6:      layout_cave_pods, grunt_gozag_breadcrumbs,
          minmay_temple_entry_proselytizer, minmay_quadrilaterals
D:7:      minmay_spotlight, layout_basic, serial_library_hellmonk_hallway_b,
          hangedman_abyss_or_decor_lesser_grid, uniq_menkaure
D:8:      layout_rooms, uniq_maggie
D:9:      layout_loops_ring, tgw_kikubaaqudgha, serial_aquarium,
          aquarium_bridge_square [aquarium_subvault_bridge,
          aquarium_subvault_wall, aquarium_subvault_bridge,
          aquarium_subvault_balcony], aquarium_window_corner, aquarium_window_2,
          aquarium_window_fake, aquarium_view_2c, aquarium_pool_split,
          billiards_dpeg
D:10:     layout_cross
D:11:     gammafunk_jiyva_shrine, layout_irregular_city, dpeg_oklobed_lair
D:12:     layout_grid_maze, orc_0_dummy
Temple:   nicolae_temple_bog_church

Skill      XL: |  1  2  3  4  5  6  7  8  9 10 11 12 |
---------------+-------------------------------------+-----
Throwing       | 2 |  2.0
Long Blades    | 3 4 |  4.7
Dodging        | 3 4 5 |  5.6
Fighting       | 3 4 5 6 8 9 11 12 | 12.5
Armour         | 2 4 5 |  5.2
Invocations    | 4 7 10 12 | 12.9
Axes           | 1 5 7 |  7.6
Shields        | 2 |  2.1

Action                     |  1- 3 |  4- 6 |  7- 9 | 10-12 || total
---------------------------+-------+-------+-------+-------++-------
  Melee: Long sword        |   158 |   144 |   323 |   126 ||   751
         Headbutt          |       |       |       |    83 ||    83
         Broad axe         |       |       |       |   195 ||   195
  Throw: Throwing net      |       |       |     3 |     5 ||     8
 Invoke: Upheaval          |       |       |       |     2 ||     2
         Elemental Force   |       |       |       |     1 ||     1
  Evoke: Wand              |       |       |     2 |       ||     2
    Use: Scroll            |       |       |       |     1 ||     1
   Stab: Sleeping          |     1 |       |       |       ||     1
         Held in net/web   |       |       |     2 |       ||     2
 Armour: Leather armour    |    98 |     5 |       |       ||   103
         Ring mail         |       |    70 |   146 |       ||   216
         Swamp dragon scal |       |       |    10 |   245 ||   255
  Dodge: Dodged            |   122 |   151 |   234 |   273 ||   780
  Block: Other             |    27 |    38 |    83 |   141 ||   289

Table legend: (Time is in decaauts)
 A = Elapsed time spent in this place.
 B = Non-inter-level travel time spent in this place.
 C = Inter-level travel time spent in this place.
 D = Time resting spent in this place.
 E = Time spent auto-exploring this place.
 F = Levels seen in this place.
 G = Mean time per level.
                   A        B        C        D        E       F      G
               +--------+--------+--------+--------+--------+-----+--------+
         Total |  13244 |  12953 |    291 |   3962 |   6624 |  13 | 1018.8 |
       Dungeon |  13209 |  12929 |    280 |   3962 |   6624 |  12 | 1100.8 |
        Temple |     34 |     23 |     11 |      0 |      0 |   1 |   34.0 |
               +--------+--------+--------+--------+--------+-----+--------+

Top non-repeatable levels by time:
    D:11: 2336 daAuts
     D:9: 1656 daAuts
    D:12: 1483 daAuts
     D:3: 1401 daAuts
     D:6: 1108 daAuts
     D:2: 921 daAuts
     D:5: 896 daAuts
     D:4: 877 daAuts
     D:7: 739 daAuts
     D:1: 681 daAuts
     D:8: 599 daAuts
    D:10: 506 daAuts
  Temple: 34 daAuts
